 Dungeon Crawl Stone Soup version 0.30-b1-2-g02819fbbbe (webtiles) character file.

Game seed: 3407841739368013489

67746 Dirian the Warrior (level 14, -4/138 HPs)
             Began as a Minotaur Monk on May 11, 2023.
             Was a High Priest of Zin.
             Slain by a shard shrike simulacrum (14 damage)
             ... on level 3 of the Abyss.
             The game lasted 00:51:13 (16237 turns).

Dirian the Warrior (Minotaur Monk)                 Turns: 16237, Time: 00:51:13

Health: -4/138     AC: 19    Str: 26    XL:     14   Next: 84%
Magic:  22/22      EV: 12    Int: 13    God:    Zin [*****.]
Gold:   832        SH: 22    Dex: 22    Spells: 13/13 levels left

rFire   + . .        a - +2 scimitar (spect)
rCold   + . .        K - +2 kite shield of Complete Protection {rC+ rN+}
rNeg    + . .        N - +5 scale mail of Racotur {rF+ Int+2}
rPois   ∞            (helmet restricted)
rElec   .            s - +0 cloak
rCorr   .            F - +0 pair of gloves
SInv    +            g - +1 pair of boots
Will    +....        j - amulet of reflection Stlth
                     o - ring of see invisible
HPRegen 0.43/turn    l - +6 ring of dexterity
MPRegen 0.18/turn

%: reflection
@: vitalised, on recite cooldown
A: horns 2, retaliatory headbutt, screaming 1
a: Renounce Religion, Recite, Vitalisation, Imprison, Sanctuary, Donate Gold


You were on level 3 of the Abyss.
You worshipped Zin.
Zin was extremely pleased with you.
You visited 3 branches of the dungeon, and saw 16 of its levels.
You visited the Abyss 2 times.
You also visited: Ossuary and Gauntlet.

You collected 1141 gold pieces.
You spent 195 gold pieces at shops.
You donated 114 gold pieces to Zin.

Inventory:

Hand Weapons
 a - a +2 spectral scimitar (weapon)
 b - a +2 scimitar of flaming
Missiles
 M - 3 throwing nets (quivered)
Armour
 g - a +1 pair of boots (worn)
 r - a +3 chain mail
 s - a +0 cloak (worn)
 C - the +1 ice dragon scales of the Spider Nest {rF- rC++ Will+ MP+9}
   (You took it off a minotaur in a Gauntlet)

   rF:        It makes you vulnerable to fire.
   rC:        It greatly protects you from cold.
   MP:        It affects your magic capacity (+9).
   Will:      It increases your willpower.
 F - a +0 pair of gloves (worn)
 G - a +0 tower shield
 H - the +0 chain mail of the Modern Wonders {Fly}
   (You found it on level 14 of the Dungeon)

   Fly:       It grants you flight.
 K - the +2 kite shield of Complete Protection (worn) {rC+ rN+}
   (You found it in a Gauntlet)

   rC:        It protects you from cold.
   rN:        It protects you from negative energy.
 N - the +5 scale mail of Racotur (worn) {rF+ Int+2}
   (You found it in a Gauntlet)

   Int:       It affects your intelligence (+2).
   rF:        It protects you from fire.
Jewellery
 j - an amulet of reflection (around neck)
 l - a +6 ring of dexterity (right hand)
 o - a ring of see invisible (left hand)
 y - a ring of poison resistance
 A - the ring "Jesodius" {rC+ Str+6}
   (You found it in a Gauntlet)

   [ring of strength]

   Str:       It affects your strength (+6).
   rC:        It protects you from cold.
 P - a ring of protection from cold
Wands
 v - a wand of digging (3)
 D - a wand of charming (11)
 E - a wand of flame (25)
Scrolls
 e - 3 scrolls of fear
 m - a scroll of enchant armour
 p - a scroll of brand weapon
 t - 9 scrolls of teleportation
 x - a scroll of fog
 z - a scroll of blinking
 B - 4 scrolls of immolation
Potions
 c - a potion of ambrosia
 d - a potion of might
 f - a potion of brilliance
 h - a potion of haste
 i - 3 potions of invisibility
 k - 2 potions of flight
 n - 3 potions of resistance
 q - 6 potions of curing
 u - 4 potions of attraction
 w - 2 potions of heal wounds
 I - a potion of mutation {unknown}
 J - 2 potions of lignification {unknown}
 L - a potion of magic {unknown}


   Skills:
 + Level 16.9 Fighting
 - Level 12.0 Long Blades
 - Level 11.6 Armour
 - Level 3.2 Dodging
 - Level 15.0 Shields
 - Level 12.0 Invocations


You had 13 spell levels left.
You didn't know any spells.
Your spell library contained the following spells:

 Spells                   Type           Power      Damage    Failure   Level
 Apportation              Tloc           0%         N/A       65%         1
 Necrotise                Necr           0%         1d4       65%         1
 Summon Small Mammal      Summ           0%         N/A       65%         1
 Scorch                   Fire           0%         2d5       78%         2
 Sublimation of Blood     Necr           0%         N/A       78%         2
 Wereblood                Tmut           0%         N/A       78%         2
 Ozocubu's Armour         Ice            0%         N/A       95%         3
 Anguish                  Hex/Necr       0%         N/A       100%        4
 Cause Fear               Hex            0%         N/A       100%        4
 Flame Wave               Conj/Fire      0%         2d4       100%        4
 Petrify                  Tmut/Erth      0%         N/A       100%        4
 Metabolic Englaciation   Hex/Ice        0%         N/A       100%        5
 Simulacrum               Ice/Necr       0%         N/A       100%        6
 Statue Form              Tmut/Erth      0%         N/A       100%        6
 Summon Cactus Giant      Summ           0%         N/A       100%        6
 Enfeeble                 Hex            0%         N/A       100%        7
 Summon Hydra             Summ           0%         N/A       100%        7
 Chain Lightning          Conj/Air       0%         N/A       100%        9
 Fire Storm               Conj/Fire      0%         5d1       100%        9
 Shatter                  Erth           0%         3d5*      100%        9


Dungeon Overview and Level Annotations

Branches:
Dungeon (14/15) Zot: 26137  Temple (1/1) D:5 Zot: 5941    Lair (1/5) D:8 Zot: 5886
    Orc (0/2) D:9          Vaults (0/5) D:13        Ossuary (visited)
Gauntlet (visited)

Altars:
Ashenzari
Cheibriados
Dithmenos
Elyvilon
Gozag
Hepliaklqana
Kikubaaqudgha
Nemelex Xobeh
Okawaru
Qazlal
Sif Muna
Uskayaw
Vehumet
Zin
The Shining One

Shops:
D:1 =   D:5 =   D:8 [   D:13 =

Annotations:
D:11 1 runed translucent door, Turgor's ghost, journeyman DsGl
Lair:1 Sonja


Innate Abilities, Weirdness & Mutations

You have a pair of horns on your head.
You reflexively headbutt those who attack you in melee.
You occasionally shout uncontrollably at your foes.


Message History

You headbutt the large abomination, but do no damage.
You completely miss the purple draconian.
The purple draconian is moderately wounded.
Your +2 spectral scimitar hits the purple draconian!
The purple draconian breathes dispelling energy at you.
The bolt of dispelling energy hits you!
* * * LOW HITPOINT WARNING * * *
You slash the purple draconian!
The purple draconian is severely wounded.
Your +2 spectral scimitar hits the purple draconian but does no damage.
The large abomination is seared!
You destroy the large abomination!
Zin accepts your kill.
The shard shrike simulacrum claws you but does no damage.
The purple draconian hits your +2 spectral scimitar with a +0 flail!
Your spectral weapon shares its damage with you!
* * * LOW HITPOINT WARNING * * *
The shard shrike simulacrum claws you but does no damage.
You feel much better.
Your +2 spectral scimitar disappears.
You block the shard shrike simulacrum's attack.
The shard shrike simulacrum claws you but does no damage.
The purple draconian hits you with a +0 flail!
* * * LOW HITPOINT WARNING * * *
You hit the purple draconian.
You headbutt the purple draconian, but do no damage.
The purple draconian is severely wounded.
Your +2 spectral scimitar hits the purple draconian but does no damage.
You block the shard shrike simulacrum's attack. x3
The purple draconian completely misses your +2 spectral scimitar.
You catch the helpless purple draconian completely off-guard!
You hit the purple draconian. You headbutt the purple draconian!
The purple draconian is almost dead.
Your +2 spectral scimitar closely misses the purple draconian.
You block the shard shrike simulacrum's attack.
The shard shrike simulacrum claws you.
* * * LOW HITPOINT WARNING * * *
The shard shrike simulacrum freezes you!
You resist.
You die...

~~_#..#.# ..#
~~≈##.##..##...#
.~~~.....## ..#
#~~~##.##. #..#
.#~~~. #.##..#
.. #~~D.#..... #
#.~~~#.#.#
##.~~Z..#.#
###~d@..#
#...#(.......
#.....###..###
.....#.. ..#
#.## .... ## .
#.#. .### #.


You could see a bone dragon, a purple draconian, a shard shrike simulacrum and a
friendly +2 spectral scimitar.

Vanquished Creatures
  A lich (Abyss:3)
  2 tentacled starspawn (Abyss:3)
  An Executioner (Abyss:3)
  Kirke (D:14)
  Louise (D:14)
  A very ugly thing (Abyss:3)
  A minotaur (Gauntlet)
  2 vault guards (D:13)
  2 centaur warriors
  2 ogre magi (D:13)
  6 boulder beetles
  5 two-headed ogres
  A thrashing horror (Abyss:3)
  A sixfirhy (Gauntlet)
  A fire crab (shapeshifter) (Abyss:3)
  A shadow wraith (Abyss:3)
  3 wretched stars (Abyss:3)
  A death drake (Gauntlet)
  6 large abominations (Abyss:3)
  A deep elf archer (D:13)
  A harpy (shapeshifter) (D:14)
  3 orc knights (D:13)
  2 deep elf pyromancers
  2 manticores (D:12)
  A worldbinder (Abyss:3)
  3 cyclopes
  3 ugly things
  2 spectral centaurs (Gauntlet)
  A will-o-the-wisp (D:14)
  An elephant (Lair:1)
  A rust devil (Abyss:3)
  4 smoke demons
  A black mamba (shapeshifter) (Abyss:3)
  A gargoyle (D:13)
  A demonic crawler (Abyss:3)
  A black mamba (Lair:1)
  Joseph (D:8)
  A yaktaur (D:13)
  2 kobold demonologists
  2 cane toads (Lair:1)
  6 unseen horrors
  An efreet (D:13)
  A komodo dragon (Lair:1)
  A polar bear (Lair:1)
  4 catoblepas skeletons (Abyss:3)
  3 meliai (D:13)
  A hornet (D:9)
  4 trolls (D:12)
  3 raiju (Abyss:3)
  4 slime creatures
  A shadow (D:8)
  Sigmund (D:5)
  A vampire (D:12)
  4 wyverns
  A wraith (D:11)
  9 yaks
  2 basilisks
  4 neqoxecs (Abyss:3)
  A chaos spawn (Abyss:3)
  4 small abominations (Abyss:3)
  10 vampire mosquitoes
  A steam dragon (D:7)
  A two-headed ogre zombie (D:9)
  3 acid dragons
  4 water moccasins
  3 orc warriors
  3 black bears
  A hornet zombie (Gauntlet)
  An ice beast (D:7)
  3 ogres
  5 boggarts (D:13)
  6 centaurs
  6 kobold brigands
  3 phantoms (D:9)
  An earth elemental (Abyss:3)
  2 elf zombies (Ossuary)
  A gnoll sergeant (D:11)
  2 bullfrogs
  3 scorpions
  6 wights
  2 troll zombies (D:9)
  9 killer bees
  2 howler monkeys
  4 crimson imps (Gauntlet)
  3 hounds
  13 starcursed masses (Abyss:3)
  A jelly (D:3)
  A human zombie (Ossuary)
  8 orc priests
  2 gnoll boudas
  An iron imp (Abyss:3)
  Terence (D:3)
  2 iguanas
  8 orc wizards
  5 ogre zombies (D:9)
  4 mummies (Ossuary)
  3 adders
  13 gnolls
  2 white imps
  4 ufetubi (Gauntlet)
  A worm (D:4)
  2 dart slugs
  20 orcs
  9 ball pythons
  8 endoplasms
  3 giant cockroaches
  2 gnoll zombies (Ossuary)
  6 goblins
  6 hobgoblins
  5 quokkas
  6 bats
  2 frilled lizards
  A goblin skeleton (D:9)
  4 goblin zombies
  2 hobgoblin skeletons (D:9)
  3 hobgoblin zombies
  3 jackal zombies (Ossuary)
  36 kobolds
  3 orc skeletons (D:9)
  15 orc zombies
  5 rats
  A rat zombie (Ossuary)
  A lurking horror (Abyss:3)
  A starspawn tentacle (Abyss:3)
428 creatures vanquished.

Vanquished Creatures (others)
  A spriggan simulacrum (Abyss:3)
  A raiju (Abyss:3)
  3 humans (D:14)
  A small abomination (Abyss:3)
  A white imp (D:7)
  An ufetubus (Abyss:3)
  4 foxfires (Abyss:3)
  17 fungi
  11 plants (D:8)
  3 spectral weapons
  4 starspawn tentacles (Abyss:3)
  21 withered plants (Gauntlet)
68 creatures vanquished.

Grand Total: 496 creatures vanquished

Notes
Turn   | Place    | Note
-------+----------+-------------------------------------------
     0 | D:1      | Dirian the Minotaur Monk began the quest for the Orb.
     0 | D:1      | Reached XP level 1. HP: 19/19 MP: 0/0
    44 | D:1      | Found Sidiofogg's Jewellery Shoppe.
   228 | D:1      | Reached XP level 2. HP: 22/27 MP: 1/1
   273 | D:1      | Reached skill level 1 in Armour
   278 | D:1      | Reached skill level 4 in Fighting
   736 | D:2      | Reached XP level 3. HP: 33/33 MP: 2/2
   858 | D:2      | Found a glowing golden altar of the Shining One.
  1545 | D:3      | Reached XP level 4. HP: 20/41 MP: 3/3
  1793 | D:3      | Found an iron altar of Okawaru.
  1946 | D:3      | Reached skill level 5 in Long Blades
  2201 | D:3      | Noticed Terence
  2210 | D:3      | Killed Terence
  2845 | D:4      | Found a radiant altar of Vehumet.
  2855 | D:4      | Found an opulent altar of Gozag.
  2987 | D:4      | Reached XP level 5. HP: 47/47 MP: 4/4
  3366 | D:4      | Reached skill level 5 in Fighting
  3479 | D:5      | Entered Level 5 of the Dungeon
  3554 | D:5      | Noticed Sigmund
  3560 | D:5      | Killed Sigmund
  3561 | D:5      | Reached XP level 6. HP: 56/56 MP: 5/5
  3590 | D:5      | Reached XP level 7. HP: 41/61 MP: 6/6
  3593 | D:5      | Reached skill level 5 in Armour
  3594 | D:5      | Found a staircase to the Ecumenical Temple.
  3687 | Temple   | Entered the Ecumenical Temple
  3717 | Temple   | Became a worshipper of Zin the Law-Giver
  3717 | Temple   | Reached * piety under Zin
  3717 | Temple   | Reached ** piety under Zin
  3717 | Temple   | Reached *** piety under Zin
  3795 | D:5      | Found a snail-covered altar of Cheibriados.
  3816 | D:5      | Found a sand-covered staircase.
  3825 | Ossuary  | Entered an ossuary
  4070 | Ossuary  | Reached **** piety under Zin
  4341 | D:5      | Reached skill level 6 in Fighting
  4464 | D:5      | Found Otops's One-of-a-Kind Rings.
  4471 | D:5      | Reached XP level 8. HP: 65/70 MP: 7/7
  5186 | D:6      | Found a glowing golden altar of the Shining One.
  5217 | D:6      | Reached skill level 1 in Invocations
  5642 | D:7      | Reached skill level 7 in Fighting
  5673 | D:7      | Noticed a kobold demonologist
  5680 | D:7      | Noticed an ice devil
  5695 | D:7      | Reached skill level 10 in Long Blades
  5721 | D:7      | Killed a kobold demonologist
  5722 | D:7      | Reached XP level 9. HP: 60/79 MP: 8/10
  5827 | D:7      | Reached ***** piety under Zin
  5911 | D:7      | Found a white marble altar of Elyvilon.
  6422 | D:8      | Noticed a two-headed ogre
  6497 | D:8      | Found a staircase to the Lair.
  6727 | D:7      | Reached skill level 5 in Invocations
  6732 | D:7      | Reached skill level 8 in Fighting
  6897 | D:8      | Noticed Joseph
  7059 | D:8      | Killed Joseph
  7156 | D:8      | Reached XP level 10. HP: 90/90 MP: 13/13
  7265 | D:8      | Reached skill level 9 in Fighting
  7497 | D:8      | Found a broken altar of Ashenzari.
  7597 | D:8      | Found Cilem's Antique Armour Shoppe.
  7602 | D:8      | Bought a glowing kite shield for 195 gold pieces
  7674 | D:8      | Killed a two-headed ogre
  7900 | D:9      | Reached skill level 10 in Fighting
  8031 | D:9      | Found a staircase to the Orcish Mines.
  8306 | D:9      | Found a shadowy altar of Dithmenos.
  8379 | D:9      | Reached skill level 1 in Shields
  8657 | D:10     | Entered Level 10 of the Dungeon
  8818 | D:10     | Reached skill level 11 in Fighting
  8828 | D:10     | Reached XP level 11. HP: 87/102 MP: 12/16
  9496 | D:10     | Noticed a two-headed ogre
  9512 | D:10     | Killed a two-headed ogre
  9713 | D:11     | Reached ****** piety under Zin
  9870 | D:11     | Noticed a boulder beetle
  9910 | D:11     | Killed a boulder beetle
  9911 | D:11     | Reached skill level 10 in Invocations
 10140 | D:11     | Noticed a centaur warrior
 10150 | D:11     | Killed a centaur warrior
 10170 | D:11     | Reached skill level 12 in Fighting
 10504 | D:11     | Noticed a boulder beetle
 10540 | D:11     | Killed a boulder beetle
 10698 | D:11     | Found a runed translucent door.
 10698 | D:11     | Noticed an ettin
 10698 | D:11     | Noticed Turgor's ghost (journeyman DsGl)
 10921 | D:12     | Noticed a boulder beetle
 10965 | D:12     | Killed a boulder beetle
 11050 | D:12     | Noticed a boulder beetle
 11050 | D:12     | Noticed a two-headed ogre
 11072 | D:12     | Reached skill level 5 in Shields
 11077 | D:12     | Killed a two-headed ogre
 11123 | D:12     | Killed a boulder beetle
 11248 | D:12     | Reached XP level 12. HP: 44/113 MP: 14/19
 11584 | D:12     | Noticed a two-headed ogre
 11592 | D:12     | Noticed a boulder beetle
 11598 | D:12     | Killed a two-headed ogre
 11599 | D:12     | Reached skill level 13 in Fighting
 11614 | D:12     | Killed a boulder beetle
 12076 | D:12     | Reached XP level 13. HP: 122/122 MP: 21/21
 12143 | D:13     | Found Uptuidgh's Jewellery Boutique.
 12183 | D:13     | Found a gate leading to a gauntlet.
 12207 | Gauntlet | Entered a Gauntlet
 12207 | Gauntlet | Found a transporter.
 12239 | Gauntlet | Found a transporter.
 12254 | Gauntlet | Found a transporter.
 12259 | Gauntlet | Found a transporter.
 12276 | Gauntlet | Found a transporter.
 12294 | Gauntlet | Found a transporter.
 12306 | Gauntlet | Found a transporter.
 12318 | Gauntlet | Found a transporter.
 12330 | Gauntlet | Found a transporter.
 12342 | Gauntlet | Found a transporter.
 12359 | Gauntlet | Found a transporter.
 12377 | Gauntlet | Found a transporter.
 12379 | Gauntlet | Found a transporter.
 12406 | Gauntlet | Found a transporter.
 12426 | Gauntlet | Found a transporter.
 12504 | Gauntlet | Found a transporter.
 12524 | Gauntlet | Found a transporter.
 12660 | Gauntlet | Found a transporter.
 12999 | Gauntlet | Identified the ring "Jesodius" {rC+ Str+6}
 13093 | Gauntlet | Identified the +1 ice dragon scales of the Spider Nest {rF-
                  | rC++ Will+ MP+9}
 13093 | Gauntlet | Noticed a minotaur
 13103 | Gauntlet | Killed a minotaur
 13115 | Gauntlet | Identified the +2 kite shield of Complete Protection {rC+
                  | rN+}
 13115 | Gauntlet | Identified the +5 scale mail of Racotur {rF+ Int+2}
 13123 | Gauntlet | Identified the +5 mace of the Hand {antimagic, rN+}
 13443 | D:13     | Reached skill level 14 in Fighting
 13606 | D:13     | Reached skill level 10 in Shields
 14138 | D:13     | Found a gate to the Vaults.
 14151 | D:13     | Reached XP level 14. HP: 106/133 MP: 22/22
 14218 | D:14     | Noticed Louise
 14235 | Abyss:3  | Cast into level 3 of the Abyss (Louise)
 14289 | Abyss:3  | Reached skill level 15 in Fighting
 14471 | Abyss:3  | Found a corrupted altar of Lugonu.
 14524 | Abyss:3  | Noticed a profane servitor
 14682 | Abyss:3  | Gained mutation: You occasionally shout uncontrollably at
                  | your foes. [a neqoxec]
 14952 | Abyss:3  | Noticed a lich
 14960 | Abyss:3  | Killed a lich
 14961 | Abyss:3  | Noticed a tentacled starspawn
 14968 | Abyss:3  | Killed a tentacled starspawn
 15125 | Abyss:3  | Noticed a tentacled starspawn
 15127 | D:14     | Escaped the Abyss
 15157 | D:14     | Killed Louise
 15158 | D:14     | Reached skill level 16 in Fighting
 15164 | D:14     | HP: 2/137 [centaur warrior/arrow (6)]
 15515 | D:14     | Identified the +0 chain mail of the Modern Wonders {Fly}
 15679 | D:14     | Noticed Kirke
 15689 | D:14     | Killed Kirke
 15932 | Lair:1   | Entered Level 1 of the Lair of Beasts
 16045 | Lair:1   | Noticed Sonja
 16048 | Abyss:3  | Cast into level 3 of the Abyss (Sonja)
 16058 | Abyss:3  | Noticed a cyan very ugly thing
 16072 | Abyss:3  | Killed a cyan very ugly thing
 16155 | Abyss:3  | Noticed an Executioner
 16162 | Abyss:3  | Killed an Executioner
 16177 | Abyss:3  | Noticed a white very ugly thing
 16181 | Abyss:3  | Noticed a tentacled starspawn
 16194 | Abyss:3  | Killed a tentacled starspawn
 16195 | Abyss:3  | Reached skill level 15 in Shields
 16222 | Abyss:3  | Found a corrupted altar of Lugonu.
 16231 | Abyss:3  | Noticed a bone dragon
 16237 | Abyss:3  | Slain by a shard shrike simulacrum

Illustrated notes

Levels and vault maps discovered:
D:1:      dpeg_arrival_connections, layout_rooms, serial_shops, shop_coins
D:2:      layout_basic, basic_altar, amcnicky_mini_pool_small,
          minmay_misc_feat_chi, minmay_between
D:3:      layout_basic, hellmonk_okawaru_the_only_friend_you_need, uniq_terence
D:4:      layout_gridville, mainiacjoe_overflow_large_starburst
D:5:      layout_cave_pods, nicolae_overflow_crystal_walls,
          minmay_temple_entry_butterflies, lightli_ossuary_entry_decrepit_ruins,
          grunt_decor_fettered, nicolae_shop_unique_rings, uniq_sigmund
D:6:      layout_cave_pools, lemuel_crystal_altar
D:7:      layout_basic, lemuel_doored_altar, nicolae_underground_beach
D:8:      layout_cave_pools, mainiacjoe_overflow_paths, minmay_lair_entry_grove,
          serial_shops, shop, uniq_joseph
D:9:      layout_rooms, mainiacjoe_overflow_surrounded_room, zombieorc2_lemuel
D:10:     layout_loops_corners
D:11:     layout_gridville, ebering_ghost_inner_flame, nicolae_two_hexagons
D:12:     layout_rooms, onia_ninara_cookie
D:13:     layout_roguey, grunt_vaults_entry_fortified, serial_shops,
          nicolae_stop_n_shop_2, gauntlet_entry_generic
D:14:     layout_cave_pools, doesnt_xom_only_xom, dreamdust_mushroom_princess,
          uniq_jorgrun, uniq_kirke, uniq_louise
Temple:   jpeg_temple_clearing
Lair:1:   layout_roguey, portal_ice_cave_entry_pillars_1, serial_bayou_pond_b,
          minmay_lair_oklob_bushes, serial_bayou_shore_b, serial_bayou_shore_b,
          uniq_maggie, uniq_sonja
Abyss:3:  base: D:10, hangedman_abyss_rune_flesh_and_stone, base: Temple,
          guppyfry_abyss_exit_glass_guarded

Skill      XL: |  1  2  3  4  5  6  7  8  9 10 11 12 13 14 |
---------------+-------------------------------------------+-----
Long Blades    | 4 5 6 7 8 10 11 12 | 12.0
Armour         | 1 2 4 6 7 11 | 11.6
Fighting       | 4 5 6 7 8 11 12 13 14 16 | 16.9
Invocations    | 3 6 9 11 12 | 12.0
Shields        | 1 6 8 11 15 | 15.0
Dodging        | |  3.2

Action                     |  1- 3 |  4- 6 |  7- 9 | 10-12 | 13-15 || total
---------------------------+-------+-------+-------+-------+-------++-------
  Melee: Falchion          |    62 |    81 |   272 |    54 |       ||   469
         Headbutt          |    11 |    18 |    80 |   180 |   152 ||   441
         Long sword        |       |       |       |   560 |    22 ||   582
         Scimitar          |       |       |       |       |   456 ||   456
 Invoke: Recite            |       |       |    10 |    12 |    19 ||    41
         Vitalisation      |       |       |     6 |    22 |    24 ||    52
         Imprison          |       |       |       |       |     1 ||     1
         Sanctuary         |       |       |       |       |     1 ||     1
    Use: Scroll            |       |    14 |     6 |     4 |     6 ||    30
         Potion            |       |     1 |       |     1 |     9 ||    11
   Stab: Invisible         |       |       |     3 |     1 |     1 ||     5
         Confused          |       |       |     3 |    12 |     1 ||    16
         Paralysed         |       |       |       |     6 |     5 ||    11
         Distracted        |       |       |       |       |    12 ||    12
 Armour: Robe              |     6 |       |       |       |       ||     6
         Leather armour    |     6 |     2 |       |       |       ||     8
         Scale mail        |       |    44 |    40 |       |    95 ||   179
         Chain mail        |       |       |   152 |   258 |    52 ||   462
  Dodge: Dodged            |    28 |    40 |   212 |   188 |   101 ||   569
  Block: Kite shield       |       |       |       |   230 |   332 ||   562
         Reflection        |       |       |       |       |    29 ||    29
